 Dungeon Crawl Stone Soup version 0.24.0-123-gd5b16e6ec5 (webtiles) character file.

Game seed: 5349163775903463078, levelgen mode: deterministic

19 Chiseanne the Magician (level 2, 0/19 HPs)
             Began as a Demonspawn Wizard on Jan 22, 2020.
             Slain by a jackal (1 damage)
             ... on level 1 of the Dungeon.
             The game lasted 00:00:56 (724 turns).

Chiseanne the Magician (Demonspawn Wizard)           Turns: 724, Time: 00:00:56

Health: 0/19       AC:  2    Str:  7    XL:     2   Next: 55%
Magic:  4/6        EV: 12    Int: 19    God:
Gold:   24         SH:  0    Dex: 11    Spells: 6/7 levels left

rFire    . . .     SeeInvis .   l - +0 club
rCold    . . .     Gourm    .   (no shield)
rNeg     . . .     Faith    .   a - +0 robe
rPois    .         Spirit   .   b - +0 hat
rElec    .         Reflect  .   (no cloak)
rCorr    .         Harm     .   (no gloves)
MR       .....                  (no boots)
Stlth    ++........             (no amulet)
HPRegen  0.06/turn              (no ring)
MPRegen  0.10/turn              (no ring)

@: no status effects
A: rot immunity
a: no special abilities


You were on level 1 of the Dungeon.
You were not hungry.

You visited 1 branch of the dungeon, and saw 1 of its levels.

You collected 24 gold pieces.

Inventory:

Hand Weapons
 l - a +0 club (weapon)
Missiles
 k - 3 stones (quivered)
Armour
 a - a +0 robe (worn)
 b - a +0 hat (worn)
Jewellery
 e - an uncursed ring of stealth {unknown}
 i - an uncursed ring of wizardry {unknown}
Scrolls
 f - a scroll of remove curse {unknown}
 g - a scroll of teleportation {unknown}
 j - 2 scrolls of identify {unknown}
 n - a scroll of noise {unknown}
Potions
 c - a potion of agility {unknown}
 h - a potion of magic {unknown}
 m - a potion of might {unknown}
 o - 2 potions of heal wounds {unknown}
Comestibles
 d - 3 rations


   Skills:
 - Level 1.7 Dodging
 - Level 1.7 Stealth
 * Level 3.4 Spellcasting
 * Level 2.0 Conjurations
   Level 1.0 Summonings
   Level 0.8 Translocations


You had 6 spell levels left.
You knew the following spells:

 Your Spells              Type           Power        Failure   Level  Hunger
a - Magic Dart            Conj           ##..         6%          1    None

Your spell library contained the following spells:

 Spells                   Type           Power        Failure   Level  Hunger
 Call Imp                 Summ           #.......     14%         2    ##.....
 Blink                    Tloc           N/A          16%         2    ##.....
 Slow                     Hex            #.......     22%         2    ##.....
 Conjure Flame            Conj/Fire      #.......     28%         3    ###....
 Mephitic Cloud           Conj/Pois/Air  #.......     32%         3    ###....


Dungeon Overview and Level Annotations

Branches:
Dungeon (1/15)

Altars:


Innate Abilities, Weirdness & Mutations

You are immune to rotting.


Message History

The jackal completely misses you. The jackal misses you.
You hit the jackal but do no damage.
The jackal is heavily wounded.
The jackal barely misses you.
The jackal bites you but does no damage.
You miss the jackal.
The jackal is heavily wounded.
The jackal completely misses you.
You closely miss the jackal.
The jackal is heavily wounded.
The jackal completely misses you. The jackal closely misses you.
You barely miss the jackal.
The jackal is heavily wounded.
The jackal bites you.
* * * LOW HITPOINT WARNING * * *
The jackal misses you.
You barely miss the jackal.
The jackal is moderately wounded.
The jackal bites you.
You die...

#.....##.#.(#
#........$...
#.....# .# #
#.....##.##...#
#...........#
#....gg######
#####h## #h#
####+#### #@##
##PP#.#PP##
#..###P≈≈#.#PPP##
##.##P≈≈≈#.#P..P##
#.#P≈≈≈≈#.#....P#
#.#P≈≈≈≈#.#..PPP#
#.#######.#######
#.'......<.....['
#########.#######
#PP...#.#≈≈≈≈P#


You could see 2 jackals and 2 hobgoblins.

Vanquished Creatures
  A leopard gecko (D:1)
  A goblin (D:1)
  5 hobgoblins (D:1)
  2 jackals (D:1)
  A kobold (D:1)
  A bat (D:1)
  2 frilled lizards (D:1)
  4 rats (D:1)
17 creatures vanquished.

Notes
Turn   | Place    | Note
-------+----------+-------------------------------------------
     0 | D:1      | Chiseanne the Demonspawn Wizard began the quest for the
                  | Orb.
     0 | D:1      | Reached XP level 1. HP: 13/13 MP: 4/4
   321 | D:1      | Gained mutation: You are immune to rotting. [demonic
                  | ancestry]
   321 | D:1      | Reached XP level 2. HP: 19/19 MP: 3/6
   724 | D:1      | Slain by a jackal

Levels and vault maps discovered:
D:1:      psy_arrival_terrarium, layout_basic,
          hangedman_abyss_or_decor_lesser_grid

Skill      XL: |  1  2 |
---------------+-------+-----
Conjurations   | 2 |  2.0
Dodging        | |  1.7
Stealth        | |  1.7
Spellcasting   | |  3.4
Summonings     | |  1.0
Translocations | |  0.8

Action                   || total
-------------------------++-------
Melee: Unarmed           ||     1
       Club              ||    29
 Cast: Magic Dart        ||    41
Armor: Robe              ||     5
Dodge: Dodged            ||    46
